 Dungeon Crawl Stone Soup version 0.17.1-3-g152610e (webtiles) character file.

62 Alarkh the Chopper (level 3, -6/29 HPs)
             Began as a Mummy Chaos Knight on Apr 17, 2016.
             Mangled by a warg (shapeshifter) (12 damage)
             ... on level 2 of the Dungeon.
             The game lasted 00:02:45 (1118 turns).

Alarkh the Chopper (Mummy Chaos Knight)             Turns: 1118, Time: 00:02:45

Health: -6/29      AC:  7    Str: 15    XL:     3   Next: 85%
Magic:  3/3        EV: 11    Int: 12    God:    Xom [*.....]
Gold:   86         SH:  0    Dex: 11    Spells: 0 memorised, 2 levels left

rFire  x . .     SeeInvis .     a - +0 hand axe (chaos)
rCold  + . .     Clarity  .     b - +2 leather armour
rNeg   + + +     SustAt   .     (no shield)
rPois  ∞         Gourm    .     (no helmet)
rElec  .         Spirit   .     k - +0 cloak
rCorr  .         Warding  .     (no gloves)
rMut   .         Stasis   .     g - +0 pair of boots
MR     .....                    (no amulet)
Stlth  +.........               (no ring)
                                (no ring)

@: not resistant to hostile enchantments, very unstealthy
A: no food or potions, fire vulnerability, cold resistance 1, negative energy
resistance 3, torment resistance, unbreathing
a: Renounce Religion


You were on level 2 of the Dungeon.
You worshipped Xom.
You were a special plaything of Xom.
You were not hungry.

You visited 1 branch of the dungeon, and saw 2 of its levels.

You collected 86 gold pieces.

Inventory:

Hand Weapons
 a - a +0 hand axe of chaos (weapon)
Armour
 b - a +2 leather armour (worn)
 g - a +0 pair of boots (worn)
 k - a +0 cloak (worn)
Scrolls
 c - a scroll of teleportation
 d - a scroll of remove curse
 e - a scroll of random uselessness
 f - a scroll of magic mapping {unknown}
 h - a scroll of enchant weapon {unknown}
 j - a scroll of fog {unknown}


   Skills:
 - Level 3.0 Fighting
 + Level 4.0 Axes
 - Level 1.5 Armour
 - Level 0.7 Dodging


You had 2 spell levels left.
You didn't know any spells.

Dungeon Overview and Level Annotations

Branches:
Dungeon (2/15)

Altars:


Innate Abilities, Weirdness & Mutations

You do not eat or drink.
Your flesh is vulnerable to fire.
You are immune to poison.
Your flesh is cold resistant.
You are immune to negative energy.
You are immune to unholy pain and torment.
You can survive without breathing.


Message History

The golden eye blinks at you.
You are more confused.
The golden eye turns its gaze towards you.
The golden eye blinks at you. You resist with some effort.
You miss the golden eye.
The golden eye is heavily wounded.
The golden eye changes into a warg!
You miss the warg. The warg barely misses you. The warg bites you!
Ouch! That really hurt!
* * * LOW HITPOINT WARNING * * *
Welcome back, Alarkh the Mummy Chaos Knight.
Xom snickers.
Press ? for a list of commands and other information.
You closely miss the warg.
You feel less confused. The warg bites you!
You die...
Xom chuckles heartily!

######### #.......#
#######.......#
#.......(.....# ###
#.............# ..#
##.............# ..#
#@.............# ..#
#.h..§.........# ..#
###########....§##.......#
..+
..............§..'.....>.#
..#
##......########.......#
..# #......#### #.......#
..# ####......# #.......#
..# #.#
#......##########'## ..#
#.# #.................####


You could see a warg shaped shifter.

Vanquished Creatures
  2 adders (D:2)
  A giant gecko (D:1)
  4 hobgoblins (D:1)
  3 kobolds
  3 ball pythons
  7 bats
  4 giant cockroaches
  5 giant newts
  8 goblins
  4 rats
41 creatures vanquished.

Notes
Turn   | Place    | Note
--------------------------------------------------------------
     0 | D:1      | Alarkh the Mummy Chaos Knight began the quest for the Orb.
     0 | D:1      | Reached XP level 1. HP: 18/18 MP: 1/1
   137 | D:1      | Reached XP level 2. HP: 21/24 MP: 2/2
   303 | D:1      | XOM: harmless Conj miscast
   542 | D:1      | XOM: mild Conj miscast
   621 | D:1      | Reached XP level 3. HP: 29/29 MP: 3/3
   710 | D:2      | XOM: harmless Summ miscast
  1031 | D:2      | Reached skill level 4 in Axes
  1056 | D:2      | XOM: 1-stop teleportation journey
  1066 | D:2      | XOM: polymorph rat -> giant eyeball
  1074 | D:2      | Noticed a wolf
  1077 | D:2      | Noticed an ogre
  1077 | D:2      | a wolf changed into an ogre
  1078 | D:2      | Noticed a sky beast
  1078 | D:2      | an ogre changed into a sky beast
  1086 | D:2      | XOM: mild Tloc miscast
  1087 | D:2      | Noticed a golden eye
  1087 | D:2      | a sky beast changed into a golden eye
  1098 | D:2      | XOM: fog
  1115 | D:2      | Noticed a warg
  1115 | D:2      | a golden eye changed into a warg
  1118 | D:2      | Mangled by a warg (shapeshifter)

Action                   || total
-------------------------++-------
Melee: Hand axe          ||   144
  Use: Scroll            ||     3
 Stab: Paralysed         ||     1
